 Seeded DCSS version 0.29-a0-378-gc08b2e8bf8 (webtiles) character file.

Game seed: 13713345828567339403 (custom seed)

21 thiscave3701365 the Chopper (level 2, 27/27 HPs)
             Began as a Minotaur Berserker on May 4, 2022.
             Was a Follower of Trog.
             Quit the game on level 1 of the Dungeon.
             The game lasted 00:00:57 (954 turns).

thiscave3701365 the Chopper (Minotaur Berserker)     Turns: 954, Time: 00:00:57

Health: 27/27      AC:  2    Str: 21    XL:     2   Next: 62%
Magic:  1/1        EV: 12    Int:  4    God:    Trog [*.....]
Gold:   41         SH:  0    Dex:  9    Spells: 1/1 levels left

rFire   . . .      SeeInvis .   a - +0 hand axe
rCold   . . .      Faith    .   (no shield)
rNeg    . . .      Spirit   .   b - +0 animal skin
rPois   .          Reflect  .   (helmet restricted)
rElec   .          Harm     .   (no cloak)
rCorr   .          Rampage  .   (no gloves)
Will    .....                   (no boots)
Stlth   +.........              (no amulet)
HPRegen 0.09/turn               (no ring)
MPRegen 0.07/turn               (no ring)

@: no status effects
A: horns 2, retaliatory headbutt
a: Renounce Religion, Berserk


You were on level 1 of the Dungeon.
You worshipped Trog.
Trog was aware of your devotion.
You visited 1 branch of the dungeon, and saw 1 of its levels.

You collected 41 gold pieces.

Inventory:

Hand Weapons
 a - a +0 hand axe (weapon)
Armour
 b - a +0 animal skin (worn)
Scrolls
 c - 2 scrolls of identify {unknown}
 e - a scroll of brand weapon {unknown}
 f - a scroll of torment {unknown}
Potions
 d - a potion of brilliance {unknown}
 g - a potion of curing {unknown}


   Skills:
 + Level 4.0 Fighting
 + Level 4.1 Axes
 + Level 2.6 Armour
 + Level 2.3 Dodging
 + Level 0.1 Stealth


You had one spell level left.
You didn't know any spells.
Your spell library was empty.

Dungeon Overview and Level Annotations

Branches:
Dungeon (1/15)

Altars:

Shops:
D:1 (


Innate Abilities, Weirdness & Mutations

You have a pair of horns on your head.
You reflexively headbutt those who attack you in melee.


Message History

Unknown command.
Done exploring.
No target in view!
No target in view!
Done exploring.
No target in view!
Unknown command.
Done exploring.
No target in view!
Unknown command.
Done exploring.
No target in view!
Done exploring.
No target in view!
Unknown command.
Done exploring.
No target in view!
Unknown command.
Done exploring.
No target in view!
Done exploring.
No target in view!
Unknown command.
Done exploring.
No target in view!
Done exploring.
Unknown command.
No target in view!
Done exploring.
No target in view!
Done exploring.
No target in view!
Done exploring.
Done exploring.
No target in view!
Done exploring.
No target in view!
Done exploring.
Done exploring.
Are you sure you want to abandon this character and quit the game? (Confirm with "yes".)

###### ####
#....#######...
#####............##
#..##....#########
#####...#....##.....#
#.......#....##.....#
#.....@......##.....#
#
#..........(........#
#
#####.##.#..###.....#
# #.##.##.........# #
#....##..##.....###
###...##.##.....#..
#.#.##.######....
#.#..............
#...........###..


There were no monsters in sight!

Vanquished Creatures
  A dart slug (D:1)
  2 endoplasms (D:1)
  4 goblins (D:1)
  A hobgoblin (D:1)
  2 jackals (D:1)
  3 kobolds (D:1)
  A ball python (D:1)
  A bat (D:1)
  A rat (D:1)
16 creatures vanquished.

Vanquished Creatures (others)
  4 toadstools (D:1)
4 creatures vanquished.

Grand Total: 20 creatures vanquished

Notes
Turn   | Place    | Note
-------+----------+-------------------------------------------
     0 | D:1      | thiscave3701365 the Minotaur Berserker began the quest for
                  | the Orb.
     0 | D:1      | Reached XP level 1. HP: 19/19 MP: 0/0
   164 | D:1      | Reached XP level 2. HP: 20/27 MP: 1/1
   734 | D:1      | Found Numotev's Antique Weapon Boutique.
   795 | D:1      | Found a faded altar of an unknown god.
   954 | D:1      | Quit the game

Illustrated notes

Levels and vault maps discovered:
D:1:      ldierk_walled_garden_2, layout_rooms, basic_ecumenical_altar,
          serial_shops, shop, minmay_misc_feat_encased

Skill      XL: |  1  2 |
---------------+-------+-----
Axes           | 4 |  4.1
Fighting       | 4 |  4.0
Armour         | |  2.6
Dodging        | |  2.3
Stealth        | |  0.1

Action                   || total
-------------------------++-------
Melee: Hand axe          ||    39
Invok: Berserk           ||     1
Armor: Animal skin       ||     8
Dodge: Dodged            ||    24

Table legend: (Time is in decaauts)
 A = Elapsed time spent in this place.
 B = Non-inter-level travel time spent in this place.
 C = Inter-level travel time spent in this place.
 D = Time resting spent in this place.
 E = Time spent auto-exploring this place.
 F = Levels seen in this place.
 G = Mean time per level.
                   A        B        C        D        E       F      G
               +--------+--------+--------+--------+--------+-----+--------+
         Total |    973 |    973 |      0 |    436 |    437 |   1 |  973.0 |
       Dungeon |    973 |    973 |      0 |    436 |    437 |   1 |  973.0 |
               +--------+--------+--------+--------+--------+-----+--------+

Top non-repeatable levels by time:
     D:1: 973 daAuts
